 Dungeon Crawl Stone Soup version 0.31-a0-198-g2ad674f65e (webtiles) character file.

Game seed: 17368054067536817198

40 qw the Shooter (level 3, 0/20 HPs)
             Began as a Deep Elf Hunter on June 25, 2023.
             Frozen to death by an endoplasm (4 damage)
             ... on level 3 of the Dungeon.
             The game lasted 00:00:31 (1078 turns).

qw the Shooter (Deep Elf Hunter)                    Turns: 1078, Time: 00:00:31

Health: 0/20       AC:  5    Str: 10    XL:     3   Next: 30%
Magic:  5/5        EV: 11    Int: 13    God:
Gold:   95         SH:  0    Dex: 18    Spells: 2/2 levels left

rFire   . . .        Y - +0 shortbow
rCold   . . .        (shield currently unavailable)
rNeg    . . .        d - +0 ring mail
rPois   .            (no helmet)
rElec   .            (no cloak)
rCorr   .            (no gloves)
SInv    .            (no boots)
Will    .....        (no amulet)
Stlth   +            (no ring)
HPRegen 0.23/turn    (no ring)
MPRegen 0.09/turn

%: no passive effects
@: no status effects
A: no striking features
a: no special abilities


You were on level 3 of the Dungeon.
You visited 1 branch of the dungeon, and saw 3 of its levels.

You collected 95 gold pieces.


   Skills:
 - Level 1.5 Fighting
 + Level 6.9 Ranged Weapons
 - Level 2.4 Dodging
 - Level 1.2 Stealth


You had 2 spell levels left.
You didn't know any spells.
Your spell library was empty.

Inventory:

Hand Weapons
 Y - a +0 shortbow (weapon)
Armour
 d - a +0 ring mail (worn)
Scrolls
 f - a scroll of identify
Potions
 a - 3 potions of haste
 g - a potion of enlightenment {unknown}
 k - a potion of might {unknown}

Dungeon Overview and Level Annotations

Branches:
Dungeon (3/15)

Altars:
Kikubaaqudgha

Shops:
D:1 ::!

Annotations:
D:3 Ijyb


Message History

Ijyb misses you.
An endoplasm comes into view.
You shoot an arrow. The arrow closely misses Ijyb.
The endoplasm quivers.
Ijyb closely misses you.
You shoot an arrow. The arrow hits Ijyb.
Ijyb is moderately wounded.
Ijyb closely misses you. Ijyb barely misses you.
You shoot an arrow. The arrow hits Ijyb but does no damage.
Ijyb is moderately wounded.
Ijyb closely misses you.
You shoot an arrow. The arrow hits Ijyb but does no damage.
Ijyb is moderately wounded.
You feel your willpower return.
Ijyb zaps a wand.
The puff of flame hits you!
Ouch! That really hurt!
1073 ||| DRINKING potion of heal wounds.
You feel much better. Ijyb closely misses you.
You shoot an arrow. The arrow closely misses Ijyb.
Ijyb zaps a wand.
The puff of flame hits you.
The endoplasm hits you but does no damage.
You shoot an arrow. The arrow closely misses Ijyb.
Ijyb hits you with a +0 dagger. The endoplasm closely misses you.
You shoot an arrow. The arrow hits Ijyb but does no damage.
Ijyb is moderately wounded.
Ijyb hits you but does no damage.
The endoplasm hits you but does no damage.
Ijyb hits you but does no damage. The endoplasm hits you.
You shoot an arrow. The arrow hits Ijyb.
Ijyb is heavily wounded.
Ijyb hits you with a +0 dagger. The endoplasm freezes you.
You are frozen.
You shoot an arrow. The arrow hits Ijyb!
Ijyb is severely wounded.
Ijyb hits you but does no damage. The endoplasm freezes you.
You are frozen.
You die...

...............
...............
...............
...............
................~
......)...... ..~
......gJ..# ...~
#@..###..##
######..........
.................
.....####........
.... #<.......
... #.#...#.. ..
#.#...# . .
#.##### #%.


You could see Ijyb and an endoplasm.

Vanquished Creatures
  3 dart slugs
  2 endoplasms (D:1)
  A giant cockroach (D:2)
  2 goblins (D:1)
  3 hobgoblins
  3 quokkas
  7 ball pythons
  2 bats
  2 frilled lizards
  6 kobolds
  3 rats
34 creatures vanquished.

Notes
Turn   | Place    | Note
-------+----------+-------------------------------------------
     0 | D:1      | qw the Deep Elf Hunter began the quest for the Orb.
     0 | D:1      | Reached XP level 1. HP: 12/12 MP: 3/3
     0 | D:1      | 0 ||| qw: Version: 0.3-a-22-g0ed2b0b
     0 | D:1      | 0 ||| qw: Game counter: 4914
     0 | D:1      | 0 ||| qw: Melee chars always use a shield: true
     0 | D:1      | 0 ||| qw: God list: Okawaru
     0 | D:1      | 0 ||| qw: Allow faded altars: false
     0 | D:1      | 0 ||| qw: Do Orc after clearing Dungeon:15 true
     0 | D:1      | 0 ||| qw: Do second Lair branch before Depths: true
     0 | D:1      | 0 ||| qw: Lair rune preference: random
     0 | D:1      | 0 ||| qw: Goals: Normal
     0 | D:1      | 0 ||| PLANNING D:1-11
    11 | D:1      | Found Retweast's Book Shop.
    45 | D:1      | Found Ziurr's Book Boutique.
   266 | D:1      | Reached skill level 6 in Ranged Weapons
   266 | D:1      | Reached XP level 2. HP: 16/16 MP: 4/4
   272 | D:1      | Found a faded altar of an unknown god.
   279 | D:1      | Found Cilud's Distillery.
   300 | D:1      | 300 ||| SHOPLISTING potion of cancellation (112 gold, have
                  | 11).
   300 | D:1      | 300 ||| SHOPLISTING potion of curing (42 gold, have 11).
   300 | D:1      | 300 ||| SHOPLISTING potion of heal wounds (70 gold, have
                  | 11).
   300 | D:1      | 300 ||| SHOPLISTING potion of mutation (112 gold, have 11).
   300 | D:1      | 300 ||| SHOPLISTING potion of resistance (140 gold, have
                  | 11).
   309 | D:1      | You fall into a shaft and drop 1 floor!
   309 | D:2      | Found an ancient bone altar of Kikubaaqudgha.
   388 | D:2      | 388 ||| UPGRADING to +0 ring mail.
   398 | D:2      | 398 ||| DROPPING +0 leather armour.
   399 | D:2      | 399 ||| DROPPING +1 robe of cold resistance.
   400 | D:2      | 400 ||| READING 2 scrolls labelled NAEGRA NEYHUNG.
   430 | D:2      | 430 ||| READING scroll labelled JIULEYNESU.
   431 | D:2      | 431 ||| READING scroll labelled IWESUF FENA.
   432 | D:2      | 432 ||| READING scroll labelled VUPSUDIAKH.
   433 | D:2      | 433 ||| DROPPING scroll of torment.
   434 | D:2      | 434 ||| DROPPING scroll of butterflies.
   441 | D:2      | 441 ||| STAIRDANCE
   687 | D:1      | 687 ||| READING scroll labelled IHYS AVURU.
   688 | D:1      | 688 ||| DRINKING 2 yellow potions.
   739 | D:2      | Reached XP level 3. HP: 20/20 MP: 5/5
  1040 | D:2      | 1040 ||| READING 2 scrolls labelled TOPPUY DEICS.
  1041 | D:2      | 1041 ||| READING 3 scrolls of identify.
  1041 | D:2      | 1041 ||| IDENTIFYING pink potion
  1042 | D:2      | 1042 ||| READING 2 scrolls of identify.
  1042 | D:2      | 1042 ||| IDENTIFYING fuming pink potion
  1043 | D:2      | 1043 ||| DROPPING scroll of vulnerability.
  1044 | D:2      | 1044 ||| DROPPING potion of degeneration.
  1055 | D:3      | 1055 ||| PLANNING SEWER
  1060 | D:3      | Noticed Ijyb
  1072 | D:3      | HP: 5/20 [Ijyb/puff of flame (10)]
  1073 | D:3      | 1073 ||| DRINKING potion of heal wounds.
  1077 | D:3      | HP: 4/20 [frozen (3)]
  1078 | D:3      | Frozen to death by an endoplasm

Levels and vault maps discovered:
D:1:      grunt_arrival_crossed_arrows, layout_loops_ring, serial_shops, shop,
          nicolae_shop_industrial_runoff, shop, basic_ecumenical_altar
D:2:      layout_rooms, basic_altar
D:3:      layout_basic, portal_sewer_entry_f, uniq_ijyb

Skill      XL: |  1 |
---------------+----+-----
Ranged Weapons | 6 |  6.9
Fighting       | |  1.5
Dodging        | |  2.4
Stealth        | |  1.2

Action                     || total
---------------------------++-------
   Fire: Shortbow          ||   101
    Use: Scroll            ||     8
         Potion            ||     2
 Armour: Ring mail         ||    11
         Leather armour    ||     1
  Dodge: Dodged            ||    26

Table legend:
 A = Non-vault XP
 B = Vault XP
 C = Vault XP percentage of total XP
 D = Non-vault monster count
 E = Vault monster count
 F = Vault count percentage of total count
                 A         B        C        D         E       F
            +---------+---------+-------+---------+---------+-------
      Total |      58 |       0 |   0.0 |      34 |       0 |   0.0
            +---------+---------+-------+---------+---------+-------
        D:1 |      28 |       0 |   0.0 |      17 |       0 |   0.0
        D:2 |      26 |       0 |   0.0 |      16 |       0 |   0.0
        D:3 |       4 |       0 |   0.0 |       1 |       0 |   0.0
            +---------+---------+-------+---------+---------+-------
